AoeStats
← Bor-Komorov

MegaRandom

510819636Analyzed
4v4 RM · 18h ago on Oct 2, 2026· 18m 59s· 8 players
Game mode
Random Map
Map size
Large (8 player)
Population
200
Speed
Normal
Resources
Standard
Victory
Conquest
Starting age
Dark Age
Ending age
Imperial Age
RankedLock teamsTeams togetherTeam positionsShared explorationLock speedFull tech treeHidden civsTurbo modeCheats
Victory
Defeat
🇨🇴 Britons · Colombia
1250
+13
🇫🇷 Khmer · France
1190
+16
🇨🇴 Vietnamese · Colombia
1181
+16
🇨🇴 Khitans · Colombia
1172
+16
🇨🇳 Persians · China
1580
-28
🇨🇳 Spanish · China
1335
-21
1000
-29
🇨🇳 Inca · China
807
-6
yuyuyuyuyu
0:34 Loom
11:49 Feudal Age
19:21 Castle Age
Ricardo·M·lu
1:03 Loom
11:21 Feudal Age
18:22 Castle Age
FFFF
0:39 Loom
14:11 Feudal Age
17:37 Castle Age
16:05 Double-Bit Axe
马德拉岛上的男人
0:45 Loom
12:16 Feudal Age
15:44 Scale Barding Armor
15:52 Forging
Sahraoui
0:35 Loom
11:41 Feudal Age
16:34 Forging
16:29 Scale Barding Armor
19:19 Bloodlines
Bor-Komorov
11:21 Feudal Age
13:53 Forging
18:41 Loom
Höor
7:12 Loom
9:43 Feudal Age
10:43 Double-Bit Axe
11:01 Town Watch
12:21 Man-at-Arms
14:42 Padded Archer Armor
17:08 Fletching
Volk
0:39 Loom
9:55 Feudal Age
10:25 Double-Bit Axe
11:13 Town Watch
15:10 Fletching
15:40 Gold Mining
Connection lost

Rejoining the realm…

Still unreachable

The connection could not be restored.

Session expired

The server has moved on; the page needs a fresh start.